 Dungeon Crawl Stone Soup version 0.19.1 (webtiles) character file.

9910 ChaseSP the Cleaver (level 11, -12/78 HPs)
             Began as a Formicid Fighter on Dec 2, 2016.
             Was a Priest of Qazlal.
             Mangled by a komodo dragon (28 damage)
             ... on level 1 of the Lair of Beasts.
             The game lasted 00:22:07 (8736 turns).

ChaseSP the Cleaver (Formicid Fighter)              Turns: 8736, Time: 00:22:08

Health: -12/78     AC: 13    Str: 22    XL:     11   Next: 83%
Magic:  17/17      EV:  8    Int:  7    God:    Qazlal [***...]
Gold:   562        SH: 15    Dex: 15    Spells: 1 memorised, 7 levels left

rFire  . . .     SeeInvis +     v - +0 battleaxe
rCold  . . .     Gourm    .     w - +1 chain mail
rNeg   . . .     Faith    .     c - +0 shield
rPois  .         Spirit   .     (helmet unavailable)
rElec  .         Reflect  .     (no cloak)
rCorr  .         Harm     .     (no gloves)
MR     +....                    (no boots)
Stlth  ..........               s - amulet of regeneration
                                p - +3 ring of protection
                                S - +2 ring of dexterity

@: no status effects
A: permanent stasis, dig shafts and tunnels, four strong arms, antennae 3
a: Dig, Shaft Self, Upheaval, Elemental Force, Renounce Religion


You were on level 1 of the Lair of Beasts.
You worshipped Qazlal.
Qazlal was most pleased with you.
You were not hungry.

You visited 3 branches of the dungeon, and saw 12 of its levels.

You collected 562 gold pieces.

Inventory:

Hand Weapons
 a - a +0 war axe
 v - a +0 battleaxe (weapon)
 C - a +5 flail of protection
Armour
 b - a +0 scale mail
 c - a +0 shield (worn)
 w - a +1 chain mail (worn)
Jewellery
 d - an uncursed ring of fire
 g - an uncursed ring of resist corrosion
 p - a +3 ring of protection (right hand)
 s - an amulet of regeneration (around neck)
 u - an uncursed ring of magical power
 H - an uncursed ring of protection from magic
 N - an uncursed amulet of guardian spirit
 S - a +2 ring of dexterity (left hand)
Wands
 O - a wand of random effects (21/48)
 Q - a wand of slowing (31/48)
Scrolls
 e - a scroll of noise
 i - 2 scrolls of teleportation {unknown}
 j - a scroll of remove curse
 r - a scroll of recharging {unknown}
 x - 3 scrolls of magic mapping
 y - a scroll of vulnerability {unknown}
 A - a scroll of enchant weapon {unknown}
 B - 2 scrolls of fog {unknown}
 E - a scroll of random uselessness {unknown}
 I - 2 scrolls of identify
 L - a scroll of holy word {unknown}
 M - a scroll of amnesia
 U - a scroll of fear {unknown}
Potions
 h - 2 potions of agility
 l - 3 potions of curing
 m - 4 potions of flight
 o - 2 potions of lignification
 q - 3 potions of brilliance
 F - 3 potions of haste
 J - 2 potions of degeneration {unknown}
 K - a potion of invisibility {unknown}
 P - a potion of cure mutation {unknown}
 T - 2 potions of ambrosia {unknown}
Books
 t - a book of Necromancy

   Spells                             Type                      Level
   a - Pain                           Necromancy                   1
   b - Animate Skeleton               Necromancy                   1
   c - Vampiric Draining              Necromancy                   3
   d - Regeneration                   Charms/Necromancy            3
   e - Animate Dead                   Necromancy                   4
   f - Control Undead                 Necromancy                   4
 G - a book of Cantrips

   Spells                             Type                      Level
   a - Confusing Touch                Hexes                        1
   b - Animate Skeleton               Necromancy                   1
   c - Summon Small Mammal            Summoning                    1
   d - Apportation                    Translocation                1
Comestibles
 f - 9 bread rations
 k - 8 meat rations
 n - 10 slices of pizza
 z - 3 beef jerkies
 D - 2 fruits
 R - 4 chunks of flesh


   Skills:
 + Level 4.3 Fighting
 * Level 14.3 Axes
 + Level 4.1 Armour
 - Level 1.0 Dodging
 - Level 8.2 Shields
 - Level 8.0 Invocations


You had 7 spell levels left.
You knew the following spells:

 Your Spells              Type           Power        Failure   Level  Hunger
a - Regeneration          Chrm/Necr      #.........   100%        3    ####...


Dungeon Overview and Level Annotations

Branches:
Dungeon (10/15)            Temple (1/1) D:5            Lair (1/6) D:10
    Orc: D:9-12

Altars:
Cheibriados
Elyvilon
Fedhas
Gozag
Hepliaklqana
Makhleb
Okawaru
Qazlal
Ru
Trog
Yredelemnul
The Shining One

Shops:
D:7 !   D:9 ?   D:10 %


Innate Abilities, Weirdness & Mutations

You are under a permanent stasis effect.
You can dig through walls and to a lower floor.
Your four strong arms can wield two-handed weapons with a shield.
You have a pair of large antennae on your head. (SInv)


Message History

You barely miss the komodo dragon.
The komodo dragon is moderately wounded.
The komodo dragon bites you!
You slice the komodo dragon!!
The komodo dragon is severely wounded.
The komodo dragon bites you!!
* * * LOW HITPOINT WARNING * * *
You slash the komodo dragon!
The komodo dragon is severely wounded.
The komodo dragon bites you!
* * * LOW HITPOINT WARNING * * *
You hit the komodo dragon.
The komodo dragon is almost dead.
The komodo dragon bites you!
* * * LOW HITPOINT WARNING * * *
You are too injured to fight recklessly!
You hit the komodo dragon.
The komodo dragon is almost dead.
The komodo dragon bites you!!
You die...

##...##.....######.
...................
.......<...........
...................
$..................
######.#....#.#######
###.#.##....#.......+
#..§l.##....+.......# #P....
#...@§P#............# ......
#..§.§.#............+ #....
#.....#.....#.......#
#....##.....##....P.......#
#....####.####............P
####....####.#.##....#........
.....................#.......#
.....................##.#.#P.#
............†.................


You could see a komodo dragon.

Vanquished Creatures
  An unseen horror (D:10)
  2 hill giants (D:10)
  Psyche (D:9)
  The ghost of smilodon the Blocker, a novice MiFi (D:4)
  A spiny frog (Lair:1)
  A komodo dragon (Lair:1)
  A kobold demonologist (D:9)
  A troll (D:10)
  A two-headed ogre (D:10)
  Sigmund (D:2)
  4 yaks (Lair:1)
  A human (D:7)
  4 hogs (D:7)
  3 hungry ghosts
  Edmund (D:3)
  3 porcupines (Lair:1)
  An ice beast (D:10)
  A phantom (D:4)
  A black bear (D:9)
  A sky beast (D:10)
  A necrophage (D:7)
  4 wolves (D:10)
  6 ogres
  2 centaurs
  Blork the orc (D:6)
  A big kobold (D:9)
  6 bullfrogs
  A wyvern zombie (D:10)
  The ghost of Popoto the Covered, a weakling MiFi (D:3)
  A scorpion (D:3)
  5 killer bees (D:10)
  6 howler monkeys
  5 wights (D:10)
  3 electric eels (D:10)
  5 crimson imps
  A centaur zombie (D:5)
  A bullfrog zombie (D:9)
  7 hounds
  3 jellies
  6 orc priests
  13 orc wizards
  A centaur skeleton (D:7)
  2 iguanas
  5 worker ants
  A killer bee zombie (D:6)
  7 gnolls
  12 adders
  2 shadow imps
  2 oozes (D:2)
  An adder zombie (D:7)
  2 adder skeletons
  6 worms
  14 dart slugs
  4 leopard geckos
  27 orcs
  2 ball pythons
  4 bats
  3 giant cockroaches
  6 goblins
  6 hobgoblins
  15 jackals
  A frilled lizard (D:1)
  6 kobolds
  2 leopard gecko skeletons (D:4)
  A leopard gecko zombie (D:4)
  A quokka skeleton (D:4)
  5 rats
  A plant (D:2)
249 creatures vanquished.

Vanquished Creatures (others)
  A jackal (D:10)
1 creature vanquished.

Grand Total: 250 creatures vanquished

Notes
Turn   | Place    | Note
-------+----------+-------------------------------------------
     0 | D:1      | ChaseSP the Formicid Fighter began the quest for the Orb.
     0 | D:1      | Reached XP level 1. HP: 18/18 MP: 1/1
   256 | D:1      | Reached XP level 2. HP: 16/24 MP: 2/2
   421 | D:1      | Reached skill level 3 in Axes
   788 | D:2      | Reached XP level 3. HP: 29/29 MP: 3/3
  1015 | D:2      | Reached skill level 4 in Axes
  1015 | D:2      | Reached XP level 4. HP: 32/35 MP: 4/4
  1172 | D:2      | Noticed Sigmund
  1182 | D:2      | Killed Sigmund
  1182 | D:2      | Reached skill level 5 in Axes
  1182 | D:2      | Reached XP level 5. HP: 13/41 MP: 5/5
  1182 | D:2      | Reached XP level 6. HP: 15/47 MP: 6/6
  1547 | D:2      | Reached skill level 6 in Axes
  2024 | D:3      | Noticed Popoto's ghost (weakling MiFi)
  2046 | D:3      | Killed Popoto's ghost
  2450 | D:4      | Noticed Edmund
  2477 | D:3      | Reached XP level 7. HP: 21/52 MP: 7/7
  2510 | D:3      | Killed Edmund
  2510 | D:3      | Reached skill level 7 in Axes
  2745 | D:4      | Reached skill level 5 in Shields
  2992 | D:4      | Reached XP level 8. HP: 25/58 MP: 8/8
  3333 | D:4      | Noticed smilodon's ghost (novice MiFi)
  3346 | D:4      | Killed smilodon's ghost
  3346 | D:4      | Reached skill level 8 in Axes
  3525 | D:4      | Found a glowing golden altar of the Shining One.
  3701 | D:5      | Entered Level 5 of the Dungeon
  3710 | D:5      | Found a staircase to the Ecumenical Temple.
  3721 | Temple   | Entered the Ecumenical Temple
  3800 | Temple   | Became a worshipper of Qazlal Stormbringer
  3882 | D:5      | Reached skill level 9 in Axes
  3998 | D:5      | Reached XP level 9. HP: 64/64 MP: 9/9
  4191 | D:5      | Learned a level 3 spell: Regeneration
  4252 | D:5      | Reached * piety under Qazlal
  4745 | D:6      | Noticed Blork the orc
  4751 | D:6      | Killed Blork the orc
  4751 | D:6      | Reached skill level 10 in Axes
  5465 | D:7      | Found Lyloj's Distillery.
  5529 | D:7      | Identified the +2 leather armour of the Storm King {Dex+2 Stlth+} (You found it on level 7 of the Dungeon)
  5770 | D:7      | Reached ** piety under Qazlal
  5818 | D:7      | Reached skill level 1 in Invocations
  5974 | D:7      | Reached skill level 11 in Axes
  5978 | D:7      | Reached XP level 10. HP: 50/70 MP: 10/12
  6379 | D:8      | Found a bloodstained altar of Trog.
  6502 | D:8      | Reached skill level 12 in Axes
  6617 | D:8      | Found a sacrificial altar of Ru.
  6624 | D:8      | Found a snail-covered altar of Cheibriados.
  6624 | D:8      | Found a burning altar of Makhleb.
  6624 | D:8      | Found a white marble altar of Elyvilon.
  6628 | D:8      | Found an opulent altar of Gozag.
  6732 | D:9      | Reached skill level 5 in Invocations
  6779 | D:9      | Reached *** piety under Qazlal
  6816 | D:9      | Noticed Psyche
  6829 | D:9      | Killed Psyche
  6905 | D:9      | Noticed a kobold demonologist
  6923 | D:9      | Noticed a smoke demon
  6924 | D:9      | Noticed an ice devil
  6924 | D:9      | Killed a kobold demonologist
  6976 | D:9      | Found an iron altar of Okawaru.
  6993 | D:9      | Found Reylosat's Magic Scroll Emporium.
  7519 | D:10     | Entered Level 10 of the Dungeon
  7758 | D:10     | Noticed a hill giant
  7758 | D:10     | Reached skill level 13 in Axes
  7758 | D:10     | Reached XP level 11. HP: 46/75 MP: 5/15
  7797 | D:10     | Killed a hill giant
  7917 | D:10     | Noticed a hill giant
  7939 | D:10     | Killed a hill giant
  7975 | D:10     | Noticed an unseen horror
  7984 | D:10     | Found a staircase to the Lair.
  8222 | D:10     | Killed an unseen horror
  8222 | D:10     | Reached skill level 14 in Axes
  8270 | D:10     | Found Gaushruh's Food Emporium.
  8574 | Lair:1   | Entered Level 1 of the Lair of Beasts
  8580 | Lair:1   | Reached skill level 1 in Dodging
  8736 | Lair:1   | Mangled by a komodo dragon

Skill      XL: |  1  2  3  4  5  6  7  8  9 10 11 |
---------------+----------------------------------+-----
Axes           | 3 4 5 6 7 9 11 13 14 | 14.3
Shields        | 4 5 7 8 |  8.2
Invocations    | 3 6 8 |  8.0
Dodging        | 1 |  1.0
Fighting       | 4 |  4.3
Armour         | 4 |  4.1

Action                   |  1- 3 |  4- 6 |  7- 9 | 10-12 || total
-------------------------+-------+-------+-------+-------++-------
Melee: War axe           |    96 |   146 |   365 |   282 ||   889
       Battleaxe         |       |       |       |   135 ||   135
Invok: Upheaval          |       |       |       |     8 ||     8
 Abil: Dig               |       |       |     3 |       ||     3
  Use: Scroll            |       |     4 |     8 |     1 ||    13
       Potion            |       |     3 |     2 |     1 ||     6
  Eat: Chunk             |     1 |     5 |    11 |    17 ||    34
Armor: Scale mail        |    30 |    47 |    37 |       ||   114
       Chain mail        |       |       |   106 |   119 ||   225
Dodge: Dodged            |    22 |    49 |    95 |    79 ||   245
Block: Shield            |    40 |    79 |   211 |   307 ||   637
